 Dungeon Crawl Stone Soup version 0.31.0-1-g2c135a0 (webtiles) character file.

Game seed: 10202881808835681632

18 mezmerelda the Trooper (level 2, -1/25 (27) HPs)
             Began as a Hill Orc Fighter on Jan 25, 2024.
             Slain by Crazy Yiuf
             ... wielding a +2 quarterstaff of chaos
              (5 damage)
             ... on level 3 of the Dungeon.
             The game lasted 00:02:34 (1201 turns).

mezmerelda the Trooper (Hill Orc Fighter)           Turns: 1201, Time: 00:02:34

HP:   -1/25 (27)    AC:  8    Str: 18    XL:     2   Next: 70%
MP:   2/2           EV:  9    Int:  8    God:
Gold: 63            SH:  0    Dex: 10    Spells: 1/1 levels left

rFire   . . .        a - +0 war axe
rCold   . . .        c - +0 buckler
rNeg    . . .        b - +0 scale mail
rPois   .            m - +0 helmet
rElec   .            (no cloak)
rCorr   .            (no gloves)
SInv    .            (no boots)
Will    +....        o - amulet of reflection Stlth
                     i - ring of willpower
HPRegen 0.24/turn    (no ring)
MPRegen 0.08/turn

%: reflection
@: confused, drained
A: no striking features
a: no special abilities


You were on level 3 of the Dungeon.
You visited 1 branch of the dungeon, and saw 3 of its levels.

You collected 63 gold pieces.

Inventory:

Hand Weapons
 a - a +0 war axe (weapon)
Armour
 b - a +0 scale mail (worn)
 c - a +0 buckler (worn)
 m - a +0 helmet (worn)
Jewellery
 i - a ring of willpower (left hand)
 o - an amulet of reflection (around neck)
Scrolls
 e - a scroll of identify {unknown}
 f - a scroll of fear {unknown}
 g - 2 scrolls of teleportation {unknown}
 j - a scroll of poison {unknown}
 k - a scroll of blinking {unknown}
 p - a scroll of silence {unknown}
Potions
 d - a potion of might
 h - a potion of brilliance {unknown}
 l - a potion of invisibility {unknown}
 n - a potion of mutation {unknown}


   Skills:
 - Level 4.0 Fighting
 * Level 3.8 Axes
 - Level 3.2 Armour
 - Level 3.2 Shields


You had one spell level left.
You didn't know any spells.
Your spell library contained the following spells:

 Spells                   Type           Power      Damage    Failure   Level
 Call Canine Familiar     Summ           0%         N/A       99%         3
 Sigil of Binding         Hex            0%         N/A       99%         3
 Dimensional Bullseye     Hex/Tloc       0%         N/A       100%        4


Dungeon Overview and Level Annotations

Branches:
Dungeon (3/15)

Altars:

Annotations:
D:3 Crazy Yiuf


Message History

The dart slug is almost dead.
You block the dart slug's attack.
You slash the dart slug!
You kill the dart slug!
Found a robe.
You see here a dart slug corpse.
No target in view!
A kobold comes into view. It is wielding a +0 dagger.
The kobold shouts!
You block the kobold's attack.
You closely miss the kobold. The kobold hits you but does no damage.
You hit the kobold.
You kill the kobold!
Found a dagger.
Found a stone staircase leading down.
You pick up a book of the Hunter and begin reading...
You add the spells Sigil of Binding, Call Canine Familiar and Dimensional Bullseye to your library.
There is a stone staircase leading down here.
You climb downwards.
There is a stone staircase leading up here.
Found a stone staircase leading up.
Found a runed translucent door.
You open the door. You slash Crazy Yiuf!
Crazy Yiuf is heavily wounded.
You block Crazy Yiuf's attack.
You slash Crazy Yiuf!
Crazy Yiuf is almost dead.
Crazy Yiuf hits you but does no damage.
You hit Crazy Yiuf.
Crazy Yiuf is almost dead.
Crazy Yiuf hits you with a +2 quarterstaff of chaos!
You feel drained.
Crazy Yiuf hits you with a +2 quarterstaff of chaos!
* * * LOW HITPOINT WARNING * * *
You are confused.
You miss Crazy Yiuf.
Crazy Yiuf is almost dead.
Crazy Yiuf hits you with a +2 quarterstaff of chaos.
You die...

#.# #.# #.# #<#
#.#######
######.#...#.### ###
#...........#..##...#
##..........####@g...#
....#...#..## ###..)#
##. ##..#### ###
##..#..## .....<##
#######


You could see Crazy Yiuf.

Vanquished Creatures
  A dart slug (D:2)
  2 ball pythons (D:1)
  2 bats
  2 endoplasms (D:1)
  A giant cockroach (D:1)
  A goblin (D:1)
  A hobgoblin (D:2)
  A quokka (D:2)
  3 kobolds
  2 rats
16 creatures vanquished.

Notes
Turn   | Place    | Note
-------+----------+-------------------------------------------
     0 | D:1      | mezmerelda the Hill Orc Fighter began the quest for the
                  | Orb.
     0 | D:1      | Reached XP level 1. HP: 19/19 MP: 1/1
   374 | D:1      | Reached skill level 4 in Fighting
   374 | D:1      | Reached XP level 2. HP: 24/27 MP: 2/2
  1193 | D:3      | Found a runed translucent door.
  1194 | D:3      | Noticed Crazy Yiuf
  1201 | D:3      | Slain by Crazy Yiuf

Illustrated notes

Levels and vault maps discovered:
D:1:      mrwooster_arrival_statue, layout_basic, chequers_serial_rivers_micro_e
D:2:      layout_loops_cross, grunt_decor_mini_mirrors, minmay_cut_off,
          uniq_robin
D:3:      minmay_diamond_boxcup, layout_loops_ring,
          grunt_temple_overflow_opulence, grunt_temple_overflow_cloverleaf,
          uniq_crazy_yiuf_cottage

Skill      XL: |  1 |
---------------+----+-----
Axes           | 3 |  3.8
Fighting       | 4 |  4.0
Armour         | |  3.2
Shields        | |  3.2

Action                     || total
---------------------------++-------
  Melee: War axe           ||    34
 Armour: Scale mail        ||    18
  Dodge: Dodged            ||    12
  Block: Buckler           ||     9
